 Dungeon Crawl Stone Soup version 0.17.2-1-ge4368a0 (webtiles) character file.

202 Goblin1989 the Ruffian (level 5, -4/50 HPs)
             Began as a Troll Fighter on Sept 22, 2016.
             Slain by a wyvern zombie (11 damage)
             ... on level 4 of the Dungeon.
             The game lasted 00:08:55 (1945 turns).

Goblin1989 the Ruffian (Troll Fighter)              Turns: 1945, Time: 00:08:56

Health: -4/50      AC:  5    Str: 24    XL:     5   Next: 50%
Magic:  4/4        EV:  8    Int:  5    God:
Gold:   174        SH:  8    Dex:  9    Spells: 0 memorised, 4 levels left

rFire  . . .     SeeInvis .       - Unarmed
rCold  . . .     Clarity  .     a - +0 robe
rNeg   + . .     SustAt   .     b - +0 shield
rPois  .         Gourm    +     (helmet restricted)
rElec  .         Spirit   .     (no cloak)
rCorr  .         Warding  +     (gloves unavailable)
rMut   .         Stasis   .     (boots unavailable)
MR     .....                    m - amulet of warding
Stlth  +.........               (no ring)
                                (no ring)

@: not resistant to hostile enchantments, very unstealthy
A: unfitting armour, claws 3, fast metabolism 3, gourmand, regeneration 2,
shaggy fur 1, tough skin 2
a: no special abilities


You were on level 4 of the Dungeon.
You were very full.

You visited 1 branch of the dungeon, and saw 4 of its levels.

You collected 174 gold pieces.

Inventory:

Armour
 a - a +0 robe (worn)
 b - a +0 shield (worn)
Jewellery
 m - an amulet of warding (around neck)
Scrolls
 g - a scroll of enchant weapon {unknown}
 h - 2 scrolls of fear {unknown}
 i - 4 scrolls of identify {unknown}
 n - a scroll of enchant armour {unknown}
 p - a scroll of blinking {unknown}
 q - a scroll of random uselessness {unknown}
Potions
 c - a potion of might
 e - a potion of cure mutation {unknown}
 k - a potion of cancellation {unknown}
 l - 3 potions of curing {unknown}
 r - a potion of lignification {unknown}
 s - a potion of heal wounds {unknown}
Comestibles
 d - 4 bread rations
 f - a meat ration
 j - a beef jerky
 o - a slice of pizza


   Skills:
 - Level 2.4 Fighting
 - Level 2.4 Dodging
 - Level 2.4 Shields
 + Level 5.8 Unarmed Combat


You had 4 spell levels left.
You didn't know any spells.

Dungeon Overview and Level Annotations

Branches:
Dungeon (4/15)
 Temple: D:4-7

Altars:
Trog
Yredelemnul
Zin


Innate Abilities, Weirdness & Mutations

You are too large for most types of armour.
You have claws for hands.
Your metabolism is lightning-fast.
You like to eat raw meat.
You heal very quickly.
You are covered in fur (AC +1).
You have very tough skin (AC +2).


Message History

The wyvern zombie bites you!
You take 9 damage, and have 31/50 hp.
You claw the wyvern zombie! The wyvern zombie bites you!
* * * LOW HITPOINT WARNING * * *
You are too injured to fight recklessly!
You take 16 damage, and have 15/50 hp.
MASSIVE DAMAGE!!
You block the wyvern zombie's attack.
Your shield prevents you from hitting the wyvern zombie.
The wyvern zombie bites you!
* * * LOW HITPOINT WARNING * * *
You take 9 damage, and have 7/50 hp.
Unknown command.
The wyvern zombie bites you.
* * * LOW HITPOINT WARNING * * *
You take 1 damage, and have 6/50 hp.
You scratch the wyvern zombie but do no damage.
The wyvern zombie bites you but does no damage.
You scratch the wyvern zombie. The wyvern zombie bites you!
You die...

#### ##### ... #...######
.#####.###### #.........
........#.Z@### #<..######
#.......###..######.######
#.###.#..................##
.........#.....(.....<..
.[.#.#.......#####......(#
###.#.#.#.##### #.####.## #
#.#....# #.# #.# #.###..#
#.# #.# #. #..# #.# #.#


You could see a wyvern zombie.

Vanquished Creatures
  A hound (D:4)
  An orc priest (D:3)
  An orc wizard (D:3)
  Robin (D:4)
  An adder (D:4)
  A worm (D:3)
  2 giant geckos (D:2)
  7 orcs (D:3)
  5 ball pythons
  5 giant cockroaches
  18 goblins
  7 hobgoblins
  5 jackals
  9 kobolds
  6 bats
  3 giant newts
  3 quokkas
  3 rats
79 creatures vanquished.

Notes
Turn   | Place    | Note
--------------------------------------------------------------
     0 | D:1      | Goblin1989 the Troll Fighter began the quest for the Orb.
     0 | D:1      | Reached XP level 1. HP: 22/22 MP: 0/0
    89 | D:1      | ololoev: !decentchar goblin1989
    89 | D:1      | beem: The RNG chooses: HEMo
   151 | D:1      | Reached XP level 2. HP: 25/29 MP: 1/1
   186 | D:1      | Goblin1989: не понял
   186 | D:1      | Goblin1989: это я должен был этой хренью играть?
   186 | D:1      | Goblin1989: я бы не выиграл
   202 | D:1      | Reached skill level 3 in Unarmed Combat
   338 | D:1      | ololoev: ну тебя никто не заставляет играть этой хренью, можешь еще раз ролльнуть
   373 | D:1      | ololoev: суть decentplayer-а - выиграть 1ю комбами с 1го раза
   373 | D:1      | ololoev: !decentchar выдает рандомную комбу, за которую ты еще не играл
   373 | D:1      | beem: No keyword 'рандомную'
   373 | D:1      | Goblin1989: Ну вот тролями я не играл вообще
   373 | D:1      | ololoev: да пошел ты бим
   373 | D:1      | Goblin1989: а
   373 | D:1      | ololoev: !lg goblin1989 tr s=class
   373 | D:1      | beem: 10 games for goblin1989 (tr): 9x Fighter, Hunter
   639 | D:1      | Goblin1989: а ну да
   639 | D:1      | Goblin1989: 9 файтером 1 хантером
   639 | D:1      | Goblin1989: да пофиг
   640 | D:1      | Reached XP level 3. HP: 36/36 MP: 2/2
  1087 | D:2      | Reached skill level 4 in Unarmed Combat
  1464 | D:3      | Reached XP level 4. HP: 28/44 MP: 3/3
  1533 | D:3      | Found a basalt altar of Yredelemnul.
  1627 | D:3      | Reached skill level 5 in Unarmed Combat
  1627 | D:3      | Reached XP level 5. HP: 46/50 MP: 4/4
  1813 | D:4      | Found a bloodstained altar of Trog.
  1852 | D:4      | Noticed Robin
  1891 | D:4      | Killed Robin
  1904 | D:4      | Found a glowing silver altar of Zin.
  1945 | D:4      | Slain by a wyvern zombie

Action                   |  1- 3 |  4- 6 || total
-------------------------+-------+-------++-------
Melee: Unarmed           |   130 |    89 ||   219
 Stab: Sleeping          |     1 |     2 ||     3
  Eat: Chunk             |    17 |     6 ||    23
